 Dungeon Crawl Stone Soup version 0.29-a0-330-g52719c12eb (webtiles) character file.

Game seed: 16263515655759479483

377 Gwenloh the Sneak (level 6, -2/49 HPs)
             Began as a Demonspawn Delver on May 6, 2022.
             Was an Initiate of Kikubaaqudgha.
             Slain by a gnoll sergeant
             ... wielding a +0 spear
              (9 damage)
             ... on level 5 of the Dungeon.
             The game lasted 00:14:50 (3586 turns).

Gwenloh the Sneak (Demonspawn Delver)               Turns: 3586, Time: 00:14:51

Health: -2/49      AC:  7    Str: 13    XL:     6   Next: 45%
Magic:  0/16       EV: 11    Int: 13    God:    Kikubaaqudgha [......]
Gold:   720        SH:  0    Dex: 14    Spells: 6/6 levels left

rFire   . . .      SeeInvis .   a - +0 mace
rCold   . . .      Faith    .   (no shield)
rNeg    . . .      Spirit   +   r - +0 ring mail
rPois   .          Reflect  .   (helmet restricted)
rElec   .          Harm     .   (no cloak)
rCorr   .          Rampage  .   (no gloves)
Will    .....                   (no boots)
Stlth   ++........              (no amulet)
HPRegen 0.16/turn               s - +4 ring of slaying
MPRegen 0.30/turn               h - ring of magical power

@: no status effects
A: antennae 1, yellow scales 1, magic shield, magic regeneration
a: Renounce Religion


You were on level 5 of the Dungeon.
You worshipped Kikubaaqudgha.
Kikubaaqudgha was noncommittal.
You visited 1 branch of the dungeon, and saw 5 of its levels.

You collected 720 gold pieces.

Inventory:

Hand Weapons
 a - a +0 mace (weapon)
 b - a +0 hunting sling
Missiles
 n - 2 poisoned darts
 u - 6 boomerangs (quivered)
Armour
 m - a +0 helmet
 r - a +0 ring mail (worn)
 v - a +0 leather armour
 y - a +0 pair of gloves of stealth
Jewellery
 h - a ring of magical power (right hand)
 s - a +4 ring of slaying (left hand)
Wands
 g - a wand of digging (3)
Scrolls
 c - a scroll of fog
 d - 2 scrolls of magic mapping
 e - 2 scrolls of fear
 j - a scroll of amnesia {unknown}
 k - 4 scrolls of enchant weapon
 o - 2 scrolls of holy word
 q - 3 scrolls of teleportation
 t - 4 scrolls of immolation
Potions
 f - a potion of haste
 i - 3 potions of curing {unknown}
 p - a potion of mutation {unknown}
 w - a potion of resistance {unknown}
 x - a potion of heal wounds {unknown}
 z - a potion of lignification {unknown}


   Skills:
 + Level 4.4 Fighting
 + Level 3.4 Maces & Flails
 + Level 2.0 Armour
 - Level 2.4 Dodging
 - Level 5.3 Stealth
 + Level 0.8 Spellcasting
 + Level 1.1 Necromancy


You had 6 spell levels left.
You didn't know any spells.
Your spell library contained the following spells:

 Spells                   Type           Power      Damage    Failure   Level
 Sublimation of Blood     Necr           3%         N/A       50%         2
 Beastly Appendage        Tmut           0%         N/A       52%         1
 Wereblood                Tmut           0%         N/A       67%         2
 Spider Form              Tmut/Pois      0%         N/A       88%         3
 Summon Hydra             Summ           0%         N/A       100%        7


Dungeon Overview and Level Annotations

Branches:
Dungeon (5/15)
 Temple: D:4-7

Altars:
Kikubaaqudgha

Shops:
D:1 (

Annotations:
D:5 Ijyb


Innate Abilities, Weirdness & Mutations

You have a pair of small antennae on your head.
You are partially covered in yellow scales. (AC +2)
When hurt, damage is shared between your health and your magic reserves.
You regenerate magic rapidly.


Message History

t - 4 scrolls of immolation (gained 1)
You see here an adder corpse.
A gnoll comes into view. It is wielding a +0 spear.
You shoot a sling bullet.
The sling bullet closely misses the gnoll.
The gnoll shouts!
A gnoll sergeant comes into view. It is wielding a +0 spear.
A gnoll comes into view.
It is wielding a +1 flail of protection.
You shoot a sling bullet. The gnoll shouts!
The sling bullet hits the gnoll.
The gnoll is lightly wounded.
You hear a shout!
You shoot a sling bullet.
The sling bullet barely misses the gnoll.
A gnoll comes into view. It is wielding a +0 club.
The gnoll hits you from afar with a +0 spear.
a - a +0 mace (weapon)
A gnoll comes into view. It is wielding a +0 spear.
The gnoll shouts!
The gnoll sergeant misses you.
You hit the gnoll sergeant but do no damage.
The gnoll sergeant hits you with a +0 spear!
The gnoll hits you from afar with a +0 spear.
The gnoll sergeant closely misses you. The gnoll hits you but does no damage.
The gnoll sergeant attacks as you move away!
The gnoll sergeant hits you with a +0 spear!
The gnoll sergeant hits you from afar with a +0 spear.
The gnoll sergeant hits you with a +0 spear!
You hit the gnoll sergeant.
The gnoll sergeant is lightly wounded.
The gnoll sergeant hits you with a +0 spear!
* * * LOW HITPOINT WARNING * * *
The gnoll barely misses you.
The gnoll sergeant attacks as you move away!
The gnoll sergeant hits you with a +0 spear.
* * * LOW HITPOINT WARNING * * *
The gnoll sergeant hits you from afar with a +0 spear!
You die...
Kikubaaqudgha rasps: "You have failed me!
Welcome... death!"

##.##.# ##.## #
###...#.#########...####
.......†...............+
###...#.#########...####
#........# #...## #
#.###.##.#####.### #
#.##.#.....÷.#
#.###.##.#.###.#.#
#....@...# #.#.####
#####.#### #.#....## #g#
#....#... ...gg{.g#
###....## ##.######
#.##### #.# # ..# # ####
# #


You could see a gnoll sergeant and a gnoll.

Vanquished Creatures
  A bullfrog (D:4)
  A scorpion (D:3)
  2 howler monkeys (D:5)
  An iguana (D:5)
  7 adders
  2 ufetubi
  2 worms
  3 dart slugs
  An orc (D:4)
  4 endoplasms (D:2)
  3 giant cockroaches
  7 goblins
  9 hobgoblins
  4 kobolds
  3 quokkas
  3 ball pythons
  7 bats
  6 frilled lizards
  4 rats
70 creatures vanquished.

Notes
Turn   | Place    | Note
-------+----------+-------------------------------------------
     0 | D:5      | Gwenloh the Demonspawn Delver began the quest for the Orb.
     0 | D:5      | Reached XP level 1. HP: 18/18 MP: 1/1
     6 | D:5      | Noticed a hound
    22 | D:5      | Noticed Ijyb
   176 | D:5      | Noticed a sky beast
   248 | D:5      | Noticed a scorpion
   372 | D:4      | Noticed a bullfrog
   460 | D:3      | Identified the +5 scale mail "Ajofepol" {rC+ rN++ Str-3}
   548 | D:4      | Noticed a scorpion
   633 | D:3      | Gained mutation: You are partially covered in yellow
                  | scales. (AC +2) [demonic ancestry]
   633 | D:3      | Reached XP level 2. HP: 20/24 MP: 2/2
  1093 | D:1      | Gained mutation: You have a pair of small antennae on your
                  | head. [demonic ancestry]
  1093 | D:1      | Reached XP level 3. HP: 28/29 MP: 3/3
  1204 | D:1      | Found Ikeah's Weapon Shoppe.
  1827 | D:2      | Reached XP level 4. HP: 35/35 MP: 4/4
  2592 | D:3      | Killed a scorpion
  2593 | D:3      | Reached skill level 1 in Armour
  2593 | D:3      | Reached skill level 5 in Stealth
  2593 | D:3      | Gained mutation: You regenerate magic rapidly. [demonic
                  | ancestry]
  2593 | D:3      | Reached XP level 5. HP: 37/42 MP: 5/5
  3175 | D:4      | Found an ancient bone altar of Kikubaaqudgha.
  3183 | D:4      | Became a worshipper of Kikubaaqudgha
  3260 | D:5      | Gained mutation: When hurt, damage is shared between your
                  | health and your magic reserves. [demonic ancestry]
  3260 | D:5      | Reached XP level 6. HP: 39/48 MP: 6/6
  3372 | D:5      | Reached skill level 1 in Necromancy
  3504 | D:5      | Identified 3 scrolls of acquirement
  3508 | D:5      | Acquired a ring of magical power
  3511 | D:5      | Acquired a +0 pair of gloves of stealth
  3513 | D:5      | Acquired 427 gold pieces
  3586 | D:5      | Slain by a gnoll sergeant

Illustrated notes

Levels and vault maps discovered:
D:1:      dpeg_arrival_solitude, layout_loops_ring, serial_shops, shop
D:2:      layout_loops_ring, palyth_stone_intersect, minmay_small_reverse_x
D:3:      layout_rooms, guppyfry_early_lair_pool
D:4:      layout_gridville, marbit_many_paths
D:5:      layout_loops_corners, uniq_ijyb

Skill      XL: |  1  2  3  4  5  6 |
---------------+-------------------+-----
Dodging        | 2 |  2.4
Maces & Flails | 2 3 |  3.4
Armour         | 1 2 |  2.0
Stealth        | 5 |  5.3
Fighting       | 4 |  4.4
Necromancy     | 1 |  1.1
Spellcasting   | |  0.8

Action                   |  1- 3 |  4- 6 || total
-------------------------+-------+-------++-------
Melee: Mace              |    86 |    49 ||   135
 Fire: Hunting sling     |       |    50 ||    50
Throw: Dart              |     7 |       ||     7
       Boomerang         |    18 |     1 ||    19
  Use: Scroll            |       |     8 ||     8
 Stab: Sleeping          |     4 |     1 ||     5
       Distracted        |       |     1 ||     1
Armor: Leather armour    |    33 |       ||    33
       Ring mail         |       |    30 ||    30
Dodge: Dodged            |    61 |    34 ||    95

Table legend: (Time is in decaauts)
 A = Elapsed time spent in this place.
 B = Non-inter-level travel time spent in this place.
 C = Inter-level travel time spent in this place.
 D = Time resting spent in this place.
 E = Time spent auto-exploring this place.
 F = Levels seen in this place.
 G = Mean time per level.
                   A        B        C        D        E       F      G
               +--------+--------+--------+--------+--------+-----+--------+
         Total |   3653 |   3547 |    106 |    116 |   2196 |   5 |  730.6 |
       Dungeon |   3653 |   3547 |    106 |    116 |   2196 |   5 |  730.6 |
               +--------+--------+--------+--------+--------+-----+--------+

Top non-repeatable levels by time:
     D:1: 1010 daAuts
     D:5: 723 daAuts
     D:2: 667 daAuts
     D:4: 645 daAuts
     D:3: 606 daAuts
